 Dungeon Crawl Stone Soup version 0.30-a0-860-g512cf1e979 (webtiles) character file.

Game seed: 1331950536784743268

1426888 ragingrage the Demonic Blade (level 26, 282/282 (283) HPs)
             Began as a Demonspawn Warper on Mar 7, 2023.
             Was the Champion of Nemelex Xobeh.
             Escaped with the Orb
             ... and 3 runes on Mar 8, 2023!
             The game lasted 02:26:25 (97836 turns).

ragingrage the Demonic Blade (Demonspawn Warper)   Turns: 97836, Time: 02:26:25

HP:   282/282 (283) AC: 17    Str: 13    XL:     26   Next: 24%
MP:   38/38         EV: 33    Int: 24    God:    Nemelex Xobeh [******]
Gold: 5407          SH:  0    Dex: 25    Spells: 5/47 levels left

rFire   + . .      SeeInvis +    b - +10 triple sword of Tic Ifu {speed, Dex+3}
rCold   + . .      Faith    .    (shield currently unavailable)
rNeg    . . .      Spirit   .    S - quicksilver dragon scales
rPois   +          Reflect  .    (helmet unavailable)
rElec   +          Rampage  +    f - +2 cloak {rPois}
rCorr   +          Rage     3%   c - +0 pair of gloves of Valour {rF+}
Will    +++..                    X - +2 pair of boots {rampage}
Stlth   ++                       a - amulet of magic regeneration
HPRegen 0.67/turn                R - ring "Fomnew" {rElec rPois Will+ rCorr EV+5}
MPRegen 0.66/turn                C - ring of Ychir {*Corrode rC+ EV+5 Slay+4}

@: studying 2 skills, lightly drained
A: horns 3, ignite blood 3, powered by pain 3, robust 3, big brain 3, claws 1,
thin skeletal structure 1, see invisible, berserk 1, deformed body
0: Orb of Zot
}: 3/15 runes: serpentine, barnacled, slimy
a: Renounce Religion, Draw Escape, Draw Destruction, Draw Summoning, Draw Stack,
Triple Draw, Deal Four, Stack Five


You escaped.
You worshipped Nemelex Xobeh.
Nemelex Xobeh was exalted by your worship.
You visited 11 branches of the dungeon, and saw 52 of its levels.
You visited the Abyss 1 time.
You also visited: Ossuary, Ice Cave and Desolation.

You collected 7305 gold pieces.
You spent 1898 gold pieces at shops.

Inventory:

Hand Weapons
 b - the +10 triple sword of Tic Ifu (weapon) {speed, Dex+3}
   (You took it off a deep elf annihilator on level 3 of the Elven Halls)

   Dex:       It affects your dexterity (+3).
Missiles
 d - 7 boomerangs of dispersal
 J - 5 throwing nets
Armour
 c - the +0 pair of gloves of Valour (worn) {rF+}
   (You found it on level 1 of the Vaults)

   rF:        It protects you from fire.
 f - a +2 cloak of poison resistance (worn)
 S - quicksilver dragon scales (worn)
 X - a +2 pair of boots of rampaging (worn)
Jewellery
 a - an amulet of magic regeneration (around neck)
 l - the ring of the Teaching Gods {rElec rCorr MP+9 Str+4 Int+3}
   (You found it on level 1 of the Vaults)

   [ring of magical power]

   Str:       It affects your strength (+4).
   Int:       It affects your intelligence (+3).
   rElec:     It insulates you from electricity.
   MP:        It affects your magic capacity (+9).
   rCorr:     It protects you from acid and corrosion.
 p - the ring "Oteofuk" {rElec rF++ rC- Dex+6 SInv}
   (You found it in the Desolation of Salt)

   [ring of dexterity]

   Dex:       It affects your dexterity (+6).
   rF:        It greatly protects you from fire.
   rC:        It makes you vulnerable to cold.
   rElec:     It insulates you from electricity.
   SInv:      It lets you see invisible.
 C - the ring of Ychir (right hand) {*Corrode rC+ EV+5 Slay+4}
   (You took it off a deep elf sorcerer on level 3 of the Elven Halls)

   [ring of evasion]

   EV:        It affects your evasion (+5).
   Slay:      It affects your accuracy & damage with ranged weapons and melee
   (+4).
   rC:        It protects you from cold.
   *Corrode:  It may corrode you when you take damage.
 E - a ring of the Octopus King {HP+2 MP+9 AC+2 EV+2 SH+2}
   (You found it on level 3 of the Vaults)

   [ring of magical power]

   AC:        It affects your AC (+2).
   EV:        It affects your evasion (+2).
   HP:        It affects your health (+2).
   MP:        It affects your magic capacity (+9).
   SH:        It affects your SH (+2).
 N - a ring of the Octopus King {rC+ HP+2 AC+2 EV+2 SH+2}
   (You took it off a spriggan defender on level 2 of the Depths)

   [ring of protection from cold]

   AC:        It affects your AC (+2).
   EV:        It affects your evasion (+2).
   rC:        It protects you from cold.
   HP:        It affects your health (+2).
   SH:        It affects your SH (+2).
 R - the ring "Fomnew" (left hand) {rElec rPois Will+ rCorr EV+5}
   (You found it in the Desolation of Salt)

   [ring of evasion]

   EV:        It affects your evasion (+5).
   rElec:     It insulates you from electricity.
   rPois:     It protects you from poison.
   rCorr:     It protects you from acid and corrosion.
   Will:      It increases your willpower.
 U - the ring of Vuclethi {EV+5 Dex+3}
   (You took it off a spriggan on level 3 of the Depths)

   [ring of evasion]

   EV:        It affects your evasion (+5).
   Dex:       It affects your dexterity (+3).
Wands
 n - a wand of charming (18)
 z - a wand of digging (9)
 K - a wand of acid (21)
 Y - a wand of roots (30)
Scrolls
 h - 2 scrolls of summoning
 k - 11 scrolls of poison
 m - 9 scrolls of immolation
 t - 8 scrolls of vulnerability
 v - 10 scrolls of fear
 y - 4 scrolls of blinking
 B - 23 scrolls of teleportation
 G - 17 scrolls of fog
 H - 8 scrolls of amnesia
 I - 6 scrolls of enchant weapon
 L - 3 scrolls of silence
 O - 8 scrolls of magic mapping
 P - 2 scrolls of enchant armour
Potions
 g - 9 potions of heal wounds
 i - 4 potions of resistance
 j - 3 potions of might
 q - 8 potions of mutation
 r - 7 potions of flight
 u - 5 potions of invisibility
 w - 9 potions of lignification
 x - 5 potions of haste
 D - 4 potions of ambrosia
 F - 10 potions of curing
 M - 7 potions of brilliance
 T - 5 potions of magic
 W - 3 potions of berserk rage
Miscellaneous
 e - a box of beasts (inert)
 o - a condenser vane
 s - a tin of tremorstones (2/2)
 A - a phial of floods
 Q - a phantom mirror


   Skills:
 - Level 20.0 Fighting
 - Level 22.0 Long Blades
 - Level 0.8 Throwing
 - Level 11.0 Armour
 + Level 15.7 Dodging
 - Level 6.0 Stealth
 - Level 14.0 Shields
 - Level 11.0 Spellcasting
 - Level 5.0 Summonings
 - Level 18.0 Necromancy
 - Level 11.0 Translocations
 - Level 3.0 Ice Magic
 - Level 4.0 Air Magic
 - Level 5.0 Earth Magic
 - Level 22.0 Invocations
 - Level 9.0 Evocations


You had 5 spell levels left.
You knew the following spells:

 Your Spells              Type           Power      Damage    Failure   Level
a - Death Channel         Necr           39%        N/A       1%          6
b - Ozocubu's Armour      Ice            27%        N/A       3%          3
c - Animate Armour        Summ/Erth      74%        N/A       4%          4
d - Swiftness             Air            32%        N/A       1%          3
e - Blink                 Tloc           100%       N/A       1%          2
f - Vhi's Electric Charg  Tloc/Air       98%        N/A       1%          3
g - Borgnjor's Revivific  Necr           39%        N/A       14%         8
h - Animate Dead          Necr           79%        N/A       1%          4
i - Manifold Assault      Tloc           60%        N/A       1%          4
j - Borgnjor's Vile Clut  Necr/Erth      31%        N/A       1%          5

Your spell library contained the following spells:

 Spells                   Type           Power      Damage    Failure   Level
 Necrotise                Necr           100%       1d9       0%          1
 Apportation              Tloc           100%       N/A       1%          1
 Sandblast                Erth           74%        2d16      1%          1
 Call Imp                 Summ           37%        N/A       1%          2
 Lesser Beckoning         Tloc           100%       N/A       1%          2
 Momentum Strike          Conj/Tloc      78%        3d10      1%          2
 Passwall                 Tmut/Erth      20%        N/A       1%          2
 Call Canine Familiar     Summ           37%        N/A       1%          3
 Gell's Gravitas          Tloc           60%        N/A       1%          3
 Kindle Blastsparks       Fire/Tloc/Air  74%        2d16      1%          3
 Portal Projectile        Hex/Tloc       78%        N/A       1%          3
 Teleport Other           Tloc           60%        N/A       1%          3
 Anguish                  Hex/Necr       27%        N/A       1%          4
 Agony                    Necr           79%        N/A       1%          5
 Poisonous Vapours        Pois/Air       44%        N/A       2%          2
 Static Discharge         Conj/Air       44%        2-4/arc   2%          2
 Magic Dart               Conj           52%        1d5       3%          1
 Sting                    Tmut/Pois      52%        1d5       3%          1
 Stone Arrow              Conj/Erth      50%        3d10      3%          3
 Summon Forest            Summ/Tloc      25%        N/A       3%          5
 Searing Ray              Conj           26%        2d5       5%          2
 Hailstorm                Conj/Ice       20%        3d6       6%          3
 Mephitic Cloud           Conj/Pois/Air  19%        N/A       6%          3
 Dazzling Flash           Conj/Hex       26%        N/A       11%         3
 Ignite Poison            Fire/Tmut/Pois 13%        N/A       11%         3
 Inner Flame              Hex/Fire       13%        N/A       11%         3
 Tukima's Dance           Hex            13%        N/A       11%         3
 Leda's Liquefaction      Hex/Erth       12%        N/A       12%         4
 Petrify                  Tmut/Erth      25%        N/A       12%         4
 Lee's Rapid Deconstruct  Erth           18%        3d11*     12%         5
 Ice Form                 Ice/Tmut       20%        N/A       17%         4
 Cause Fear               Hex            6%         N/A       32%         4
 Flame Wave               Conj/Fire      13%        2d6       32%         4
 Fulminant Prism          Conj/Hex       6%         3d6       32%         4
 Olgreb's Toxic Radiance  Pois           13%        N/A       32%         4
 Sticky Flame             Conj/Fire      13%        2d4       32%         4
 Freezing Cloud           Conj/Ice/Air   12%        6-21      34%         5
 Arcjolt                  Conj/Air       11%        1d21      38%         5
 Lightning Bolt           Conj/Air       11%        1d24      38%         5
 Silence                  Hex/Air        11%        N/A       38%         5
 Metabolic Englaciation   Hex/Ice        10%        N/A       43%         5
 Alistair's Intoxication  Tmut/Pois      8%         N/A       65%         5
 Blade Hands              Tmut           6%         N/A       65%         5
 Simulacrum               Ice/Necr       29%        N/A       7%          6
 Malign Gateway           Summ/Tloc      25%        N/A       69%         7
 Iron Shot                Conj/Erth      12%        9d3       86%         6
 Statue Form              Tmut/Erth      16%        N/A       86%         6
 Death's Door             Necr           39%        N/A       88%         9
 Disjunction              Tloc           30%        N/A       91%         8
 Summon Hydra             Summ           18%        N/A       97%         7
 Eringya's Noxious Bog    Tmut/Pois      6%         N/A       99%         6
 Necromutation            Tmut/Necr      27%        N/A       99%         8
 Dragon Form              Tmut           6%         N/A       100%        7
 Enfeeble                 Hex            6%         N/A       100%        7
 Ozocubu's Refrigeration  Ice            13%        4d10      100%        7
 Storm Form               Tmut/Air       11%        N/A       100%        7
 Discord                  Hex            6%         N/A       100%        8
 Ignition                 Fire           6%         3d4       100%        8
 Lehudib's Crystal Spear  Conj/Erth      12%        10d4      100%        8
 Maxwell's Capacitive Co  Air            16%        ∞         100%        8
 Summon Horrible Things   Summ           18%        N/A       100%        8
 Dragon's Call            Summ           18%        N/A       100%        9


Dungeon Overview and Level Annotations

Branches:
Dungeon (15/15)            Temple (1/1) D:7            Lair (5/5) D:10
 Shoals (4/4) Lair:3        Snake (4/4) Lair:2        Slime (5/5) Lair:4
    Orc (2/2) D:9             Elf (3/3) Orc:2        Vaults (4/5) D:14
  Crypt (0/3) Vaults:3     Depths (4/4) D:15            Zot (5/5) Depths:4
Ossuary (visited)           IceCv (visited)         Desolation (visited)

Altars:
Ashenzari
Cheibriados
Dithmenos
Fedhas
Gozag
Hepliaklqana
Kikubaaqudgha
Makhleb
Nemelex Xobeh
Okawaru
Qazlal
Ru
Sif Muna
Trog
Uskayaw
Vehumet
Wu Jian
Xom
Yredelemnul
Jiyva

Shops:
D:1 !   D:9 (   Orc:1 *([[   Orc:2 ([[?   Elf:3 (([==   Shoals:3 *   Vaults:1 *

Portals:
Hell: Depths:1 Depths:2 Depths:3 Depths:4
Abyss: Depths:1 Depths:3 Depths:4
Pandemonium: Depths:2
Ziggurat: Depths:4
Trove: D:13 (give 2 scrolls of acquirement)

Annotations:
D:2 1 runed translucent door, exclusion: downstairs, Crazy Yiuf
D:3 exclusion: downstairs
D:4 Sigmund
D:7 3 runed translucent doors, zenocrate's ghost, novice OpTm
D:10 3 runed translucent doors, Esekla's ghost, journeyman OpDe
D:11 exclusion: upstairs
D:15 2 runed translucent doors, Zoram's ghost, journeyman SpAE
Lair:5 Spooky Forest
Elf:2 5 runed translucent doors
Elf:3 exclusion: upstairs
Vaults:4 Mara


Innate Abilities, Weirdness & Mutations

You have a pair of large horns on your head.
Your demonic aura causes all spilled blood to erupt in flames.
You are powered by pain.
You are extremely robust. (+30% HP)
You have an absolutely massive brain. (Int +6, Wiz)
You have sharp fingernails.
You have a somewhat thin skeletal structure. (Dex +2, Stealth+)
You have supernaturally acute eyesight. (SInv)
You sometimes lose your temper in combat.
Armour fits poorly on your strangely shaped body.


Message History

Things that are here:
a +3 whip of holy wrath; a +0 robe You feel a strong urge to attack something.
The red devil completely misses you.
You rampage towards the red devil!
You slash the red devil! You chop the red devil into pieces!!!
You kill the red devil!
You see here a +2 trident of venom.
You feel a strong urge to attack something.
You are no longer berserk.
You are exhausted.
You feel yourself slow down.
Things that are here:
a +0 dagger; a +0 robe; a +0 dagger
Things that are here:
a +0 scale mail; a +0 club You see here a +0 trident.
There is a stone staircase leading up here.
You start waiting.
A chaos spawn comes into view.
You climb upwards.
Level annotation: exclusion: downstairs
There is a stone staircase leading down here.
(D) Dungeon (T) Temple (L) Lair (A) Shoals (P) Snake Pit (M) Slime Pits (O) Orcish Mines (E) Elven Halls (V) Vaults (C) Crypt (U) Depths (H) Hell (Z) Zot
Where to? (Enter - D:1 @ (x,y), ? - help)
Things that are here:
2 stones; a +0 dagger
There is a stone staircase leading up here.
You feel yourself speed up.
You climb upwards.
Level annotation: 1 runed translucent door, exclusion: downstairs, Crazy Yiuf
There is a stone staircase leading down here.
Things that are here:
a +0 leather armour; a +0 club
There is a stone staircase leading up here.
You climb upwards.
There is a stone staircase leading down here.
You recover from your berserk rage.
There is a staircase leading out of the dungeon here.
You have escaped!

#.######## #.###.##... #[.......#
#########.##.....##
########.#####.........##.###...
#.#.............##.# ###. #####
#.#.##.....#..#.##.# #. ....#
#.#.##8###8##.#.##.# #### ###.#
#.#........#..#.##.# #... #.#
#.#..#.....#..#.##.# #.## #.#
#....#..@..#..#.##.###.##
###.#####....#.....#..#.##.#.....
.......##....#..........##.#.###)
###.........##8###8##...##...# #.
#####...#.#..#.....#..#.##.#.###.
..........#...........#.##.#.....
#####...######.########.##.######
##..# #.########.##.# ##.#
#..........##.#


There were no monsters in sight!

Vanquished Creatures
  5 orbs of fire (Zot:5)
  2 ancient liches
  3 dread liches
  A juggernaut (Depths:3)
  4 Killer Klowns (Zot:5)
  3 curse toes
  Bai Suzhen (Vaults:2)
  Nikola (Elf:1)
  10 golden dragons
  A hellephant (D:10)
  A Tzitzimitl (D:8)
  A doom hound (Zot:4)
  4 electric golems
  A walking crystal tome (Depths:3)
  17 tentacled monstrosities
  6 liches
  2 walking earthen tomes (Depths:3)
  A deep elf master archer (Elf:3)
  12 quicksilver dragons
  A walking divine tome (Depths:3)
  26 Orb Guardians
  A deep elf blademaster (Elf:3)
  14 acid blobs
  The ghost of browni3141 the Unseen, an adept KoAr of Uskayaw (Vaults:1)
  A kraken (Shoals:3)
  5 sphinxes
  10 death cobs
  Kirke (D:13)
  6 tengu reavers
  Agnes (D:15)
  14 storm dragons
  7 nagarajas (Snake:4)
  10 shadow dragons
  5 frost giants
  4 draconian monks
  5 azure jellies (Slime:5)
  12 rockslimes
  An iron dragon (Depths:3)
  3 draconian knights
  12 fire giants
  10 vault wardens
  8 deep elf sorcerers (Elf:3)
  An imperial myrmidon (Desolation)
  6 ghost moths
  8 deep elf elementalists (Elf:3)
  5 draconian scorchers
  5 draconian shifters
  2 draconian stormcallers
  4 spriggan defenders
  Aizul (Snake:2)
  A war gargoyle (Vaults:4)
  An orc warlord (Vaults:3)
  12 ironbound preservers
  An angel (D:4)
  A balrug (Depths:2)
  12 very ugly things
  3 vampire knights (Depths:4)
  6 ironbound thunderhulks
  17 stone giants
  9 quicksilver oozes
  5 draconian annihilators
  Nessos (D:12)
  11 green draconians
  6 deep elf annihilators
  15 black draconians
  3 halazid warlocks (Desolation)
  8 yellow draconians
  4 deep elf demonologists
  10 red draconians
  7 white draconians
  8 purple draconians
  12 spark wasps
  4 dire elephants (Vaults:3)
  4 merfolk javelineers
  5 crystal guardians
  12 fire dragons
  5 deep elf death magi
  7 ragged hierophants (Desolation)
  3 green deaths
  2 jiangshi (Depths:4)
  5 great orbs of eyes
  9 merfolk impalers
  4 yaktaur captains
  8 deep elf high priests
  An entropy weaver (Vaults:2)
  12 ettins
  A salamander tyrant (Snake:3)
  3 rakshasas (Depths:3)
  21 vault guards
  8 servants of whispers (Desolation)
  9 ironbound frosthearts
  4 spriggan air magi
  A merfolk avatar (Shoals:2)
  11 ice dragons
  6 merfolk aquamancers
  4 alligator snapping turtles (Shoals:4)
  2 hell beasts
  6 hydras
  2 ogre magi
  A catoblepas (Lair:4)
  9 anacondas
  7 peacekeepers
  16 centaur warriors
  11 dancing weapons
  An alligator (Depths:2)
  3 death knights
  4 two-headed ogres
  4 satyrs
  7 deep troll earth magi
  5 tengu warriors
  6 death yaks
  2 vampire magi
  8 deep troll shamans
  2 hell hogs
  9 naga warriors
  2 orc high priests
  7 naga sharpshooters
  6 shock serpents
  7 spriggan berserkers
  5 skysharks
  A thrashing horror (Abyss:3)
  A skeletal warrior (D:15)
  A soul eater (Depths:4)
  A sun demon (Depths:4)
  2 salamander mystics
  19 hell knights (Depths:3)
  10 deep elf knights
  28 sea snakes
  A fire crab (shapeshifter) (D:14)
  57 deep trolls
  5 iron trolls
  2 glowing orange brains
  8 naga ritualists
  An orb spider (Orc:2)
  Amaemon (Lair:2)
  4 sixfirhies
  A flayed ghost (Depths:2)
  23 ironbound convokers
  2 lindwurms (Vaults:3)
  A tengu zombie (Vaults:1)
  2 phantasmal warriors (Vaults:2)
  12 wizards
  9 deep elf archers
  11 harpies
  A harpy (shapeshifter) (D:12)
  39 ugly things
  5 necromancers
  7 cyclopes
  24 deep elf zephyrmancers
  A frost giant zombie (Vaults:1)
  19 deep elf pyromancers
  8 orc sorcerers
  5 orc knights
  11 salamanders
  3 mana vipers
  13 fauns
  2 shining eyes (Slime:5)
  A faun (shapeshifter) (Vaults:2)
  A manticore (shapeshifter) (Depths:3)
  20 moths of wrath
  37 black mambas
  17 vault sentinels
  19 elephants
  12 manticores
  12 large abominations
  10 guardian serpents
  10 merfolk sirens
  A cane toad (shapeshifter) (Vaults:2)
  A molten gargoyle (Desolation)
  An iron dragon skeleton (Vaults:1)
  An ice statue (IceCv)
  12 naga magi
  3 eyes of devastation
  10 cane toads
  2 rust devils
  4 water nymphs
  3 smoke demons
  3 freezing wraiths
  An efreet (Zot:5)
  A kobold demonologist (D:13)
  3 rime drakes
  6 komodo dragons
  A hellion (Depths:1)
  2 orange demons
  8 yaktaurs
  7 tengu conjurers
  2 red devils
  2 ancient zymes (Abyss:3)
  A hellwing (Depths:2)
  21 polar bears
  10 trolls
  19 merfolk
  Grinder (D:4)
  A tyrant leech (Zot:4)
  8 wind drakes
  A tarantella (Snake:4)
  A raiju (shapeshifter) (Abyss:3)
  3 hornets
  16 blink frogs
  50 saltlings
  3 raiju
  4 dream sheep (Shoals:2)
  A blink frog (shapeshifter) (Depths:3)
  8 snapping turtles
  9 air elementals
  4 spriggans
  2 shadows
  2 vampires
  5 wyverns
  80 slime creatures
  3 wraiths
  A ynoxinul (Abyss:3)
  An elf skeleton (Vaults:1)
  An elf zombie (Vaults:1)
  49 yaks
  A hog (shapeshifter) (Vaults:2)
  2 hogs
  Eustachio (D:4)
  27 golden eyes
  A fire elemental (Orc:1)
  31 water elementals
  3 chaos spawn (Depths:1)
  2 fire bats
  7 humans (D:14)
  2 basilisks
  3 steam dragons
  11 vampire mosquitoes
  23 nagas
  3 redbacks (Vaults:2)
  6 wargs
  13 water moccasins
  4 acid dragons
  A hell hound (Orc:1)
  A floating eye (shapeshifter) (Depths:4)
  30 orc warriors
  2 ice beasts
  11 ogres
  3 sky beasts
  4 black bears
  3 starcursed masses (Abyss:3)
  A wolf (shapeshifter) (Depths:3)
  3 centaurs
  A boggart (Elf:1)
  2 tengu
  16 wolves
  A tengu (shapeshifter) (Vaults:2)
  2 phantoms
  4 kobold brigands
  Blork the orc (D:6)
  11 bullfrogs
  A gnoll sergeant (D:6)
  4 scorpions
  3 earth elementals
  6 killer bees (D:10)
  10 howler monkeys
  2 electric eels (Snake:3)
  8 small abominations
  2 lava snakes (D:8)
  A centaur zombie (Ossuary)
  3 hounds (D:5)
  A jelly (D:6)
  19 orc priests
  A human zombie (Ossuary)
  A gnoll bouda (D:6)
  2 sleepcaps
  2 iguanas
  23 orc wizards
  7 hell rats (Lair:5)
  2 mummies (Ossuary)
  12 gnolls
  4 adders
  An ufetubus (D:5)
  3 worms
  6 dart slugs
  91 orcs
  8 bats
  8 endoplasms
  7 giant cockroaches
  2 gnoll zombies (Ossuary)
  10 goblins
  8 hobgoblins
  2 jackals (D:2)
  A quokka (D:3)
  5 ball pythons
  5 frilled lizards
  4 goblin zombies (Ossuary)
  3 hobgoblin zombies (Ossuary)
  23 kobolds
  3 orc zombies (Ossuary)
  3 rats (D:2)
  A bush (D:15)
  A tentacle (Shoals:3)
2105 creatures vanquished.

Vanquished Creatures (collateral kills)
  the Royal Jelly (Slime:5)
  A dread lich (Vaults:1)
  An orb of fire (Zot:5)
  2 ancient liches
  A tentacled monstrosity (Zot:5)
  3 liches
  An Orb Guardian (Zot:5)
  A titan (Shoals:4)
  A sphinx (Depths:4)
  A tentacled starspawn (Abyss:3)
  4 acid blobs
  2 rockslimes
  A vault warden (Vaults:2)
  An ironbound preserver (Vaults:4)
  A draconian shifter (Zot:1)
  A draconian annihilator (Zot:5)
  A draconian stormcaller (Zot:5)
  A very ugly thing (Vaults:3)
  2 quicksilver oozes (Slime:5)
  Azrael (Orc:2)
  A red draconian (Zot:5)
  4 white draconians
  An ettin (Depths:4)
  A jiangshi (Depths:4)
  A yaktaur captain (Vaults:4)
  A peacekeeper (Vaults:4)
  3 hydras
  An ironbound frostheart (Vaults:4)
  A catoblepas (Orc:2)
  A merfolk aquamancer (Shoals:4)
  A spriggan berserker (Depths:4)
  A shock serpent (Snake:3)
  A sea snake (Snake:4)
  2 iron trolls (Depths:1)
  A wizard (Vaults:4)
  10 deep trolls
  An ugly thing (Depths:3)
  A shining eye (Slime:1)
  A salamander (Snake:3)
  3 elephants (Lair:5)
  2 moths of wrath
  A gargoyle (D:12)
  A meliai (IceCv)
  A hornet (Depths:4)
  13 slime creatures
  5 yaks (Lair:5)
  A water elemental (Depths:1)
  A neqoxec (Abyss:3)
  2 fire elementals (Orc:2)
  A golden eye (Slime:3)
  2 hell hounds (Orc:2)
  2 orc warriors (Orc:2)
  3 wolves (Lair:5)
  2 starcursed masses (Abyss:3)
  A small abomination (Abyss:3)
  An orc wizard (Orc:2)
  4 orcs (Orc:2)
  A starspawn tentacle (Abyss:3)
109 creatures vanquished.

Vanquished Creatures (others)
  A deep elf pyromancer (Elf:1)
  A human (D:14)
  3 bushes (Lair:3)
  43 fungi
  239 plants
  3 starspawn tentacles (Abyss:3)
  34 tentacles (Shoals:3)
324 creatures vanquished.

Grand Total: 2538 creatures vanquished

Notes
Turn   | Place    | Note
-------+----------+-------------------------------------------
     0 | D:1      | ragingrage the Demonspawn Warper began the quest for the
                  | Orb.
     0 | D:1      | Reached XP level 1. HP: 16/16 MP: 3/3
   255 | D:1      | Reached skill level 1 in Stealth
   255 | D:1      | Gained mutation: You have an unusually large brain. (Int
                  | +2) [demonic ancestry]
   255 | D:1      | Reached XP level 2. HP: 19/22 MP: 5/5
   624 | D:1      | Found Gemecutu's Distillery.
   651 | D:1      | Bought a potion of heal wounds for 60 gold pieces
   974 | D:2      | Gained mutation: You have a pair of small horns on your
                  | head. [demonic ancestry]
   974 | D:2      | Reached XP level 3. HP: 23/27 MP: 6/6
  1698 | D:2      | Found a runed translucent door.
  1699 | D:2      | Noticed Crazy Yiuf
  2039 | D:2      | Learned a level 2 spell: Blink
  2072 | D:3      | Gained mutation: Your demonic aura sometimes causes spilled
                  | blood to erupt in flames. [demonic ancestry]
  2072 | D:3      | Reached XP level 4. HP: 29/33 MP: 7/7
  2998 | D:4      | Gained mutation: You sometimes gain a little power by
                  | taking damage. [demonic ancestry]
  2998 | D:4      | Reached XP level 5. HP: 35/38 MP: 8/8
  3065 | D:4      | Noticed Grinder
  3502 | D:4      | Noticed Sigmund
  3665 | D:4      | Paralysed by Grinder for 2 turns
  3722 | D:4      | Paralysed by Grinder for 2 turns
  3741 | D:4      | Killed Grinder
  3742 | D:4      | Reached skill level 5 in Long Blades
  3742 | D:4      | Gained mutation: You have an extremely huge brain. (Int +4)
                  | [demonic ancestry]
  3742 | D:4      | Reached XP level 6. HP: 41/44 MP: 9/9
  3756 | D:4      | Learned a level 3 spell: Vhi's Electric Charge
  3761 | D:4      | Learned a level 4 spell: Manifold Assault
  3912 | D:4      | Noticed Eustachio
  3926 | D:4      | Killed Eustachio
  3927 | D:4      | Gained mutation: Your demonic aura often causes spilled
                  | blood to erupt in flames. [demonic ancestry]
  3927 | D:4      | Reached XP level 7. HP: 47/50 MP: 10/10
  4282 | D:4      | Found a basalt altar of Yredelemnul.
  4285 | D:4      | Found an opulent altar of Gozag.
  4416 | D:5      | Entered Level 5 of the Dungeon
  5059 | D:6      | Reached XP level 8. HP: 27/56 MP: 11/11
  5271 | D:6      | Found a stormy altar of Qazlal.
  5353 | D:6      | Reached skill level 1 in Shields
  5435 | D:6      | Found a bloodstained altar of Trog.
  6188 | D:6      | Found an ancient bone altar of Kikubaaqudgha.
  6306 | D:6      | Noticed Blork the orc
  6311 | D:6      | Killed Blork the orc
  6573 | D:7      | Found a staircase to the Ecumenical Temple.
  6578 | Temple   | Entered the Ecumenical Temple
  6773 | Temple   | Became a worshipper of Nemelex Xobeh the Trickster
  6842 | D:7      | Reached skill level 1 in Invocations
  6905 | D:7      | Noticed a hornet
  6911 | D:7      | Killed a hornet
  6912 | D:7      | Reached XP level 9. HP: 61/61 MP: 12/12
  6938 | D:7      | Found a runed translucent gate.
  6942 | D:7      | Found a runed translucent gate.
  6970 | D:7      | Found a runed translucent gate.
  7266 | D:7      | Noticed zenocrate's ghost (novice OpTm)
  7313 | D:7      | Reached skill level 5 in Translocations
  7451 | D:7      | Reached skill level 10 in Long Blades
  7594 | D:8      | Found a sand-covered staircase.
  7607 | Ossuary  | Entered an ossuary
  7810 | D:8      | Reached skill level 5 in Invocations
  8123 | D:8      | Reached * piety under Nemelex Xobeh
  8245 | D:8      | Got the Volume of Bewitching Transformation
  8288 | D:8      | Found a shadowy altar of Dithmenos.
  8294 | D:8      | Found a faded altar of an unknown god.
  8296 | D:8      | Found an iron altar of Okawaru.
  8298 | D:8      | Found a burning altar of Makhleb.
  8396 | D:9      | Received a gift from Nemelex Xobeh
  8540 | D:9      | Reached XP level 10. HP: 67/67 MP: 13/13
  8655 | D:9      | Received a gift from Nemelex Xobeh
  8655 | D:9      | Noticed Prince Ribbit
  8656 | D:9      | Prince Ribbit changed into Prince Ribbit the raiju
  8656 | D:9      | Noticed Prince Ribbit
  8663 | D:9      | Killed Prince Ribbit the raiju
  8846 | D:9      | Found a staircase to the Orcish Mines.
  9120 | D:9      | Found Povaxt's Weapon Shop.
  9248 | D:10     | Entered Level 10 of the Dungeon
  9250 | D:10     | Found a staircase to the Lair.
  9427 | D:10     | Reached ** piety under Nemelex Xobeh
  9663 | D:10     | Noticed a two-headed ogre
  9684 | D:10     | Killed a two-headed ogre
  9784 | D:10     | Found a shimmering altar of Xom.
 10089 | D:10     | Reached skill level 1 in Air Magic
 10362 | D:10     | Found a runed translucent gate.
 10362 | D:10     | Found a runed translucent gate.
 10363 | D:10     | Found a runed translucent gate.
 10365 | D:10     | Noticed a nine-headed hydra
 10365 | D:10     | Noticed Esekla's ghost (journeyman OpDe)
 10367 | D:10     | Noticed a ten-headed hydra
 10554 | D:10     | Reached XP level 11. HP: 69/77 MP: 17/17
 11412 | D:11     | Received a gift from Nemelex Xobeh
 11531 | D:12     | Found a frozen archway.
 11542 | D:12     | Noticed Nessos
 11550 | D:12     | Killed Nessos
 11733 | D:12     | Noticed Sonja
 11733 | D:12     | Noticed a boulder beetle
 11753 | D:12     | a boulder beetle changed into a great orb of eyes
 11753 | D:12     | Noticed a great orb of eyes
 11764 | D:12     | Killed a great orb of eyes
 11917 | IceCv    | Entered an ice cave
 12000 | IceCv    | Noticed a death yak
 12001 | IceCv    | Noticed a death yak
 12004 | IceCv    | a death yak changed into an eight-headed hydra
 12004 | IceCv    | Noticed an eight-headed hydra
 12013 | IceCv    | Killed a death yak
 12026 | IceCv    | Killed an eight-headed hydra
 12124 | IceCv    | Gained mutation: You have an absolutely massive brain. (Int
                  | +6, Wiz) [demonic ancestry]
 12124 | IceCv    | Reached XP level 12. HP: 52/84 MP: 19/19
 12527 | IceCv    | Reached skill level 5 in Fighting
 12677 | IceCv    | Noticed a death yak
 12761 | IceCv    | Reached skill level 5 in Dodging
 12822 | IceCv    | Killed a death yak
 12823 | IceCv    | Reached skill level 10 in Invocations
 12932 | IceCv    | Noticed a death yak
 12954 | IceCv    | Killed a death yak
 13386 | IceCv    | Noticed a frost giant
 14335 | IceCv    | Identified the +10 plate armour "Ozierav" {+Blink}
 14344 | IceCv    | Got Sif Muna's Discourse on Freezing
 14527 | D:12     | Sonja changed into Sonja the naga
 14527 | D:12     | Noticed Sonja
 14537 | D:12     | Killed Sonja the naga
 14538 | D:12     | Reached skill level 1 in Armour
 14978 | D:12     | Received a gift from Nemelex Xobeh
 15082 | D:12     | Noticed a two-headed ogre
 15088 | D:12     | Killed a two-headed ogre
 15258 | Lair:1   | Entered Level 1 of the Lair of Beasts
 15271 | Lair:1   | Reached *** piety under Nemelex Xobeh
 15381 | Lair:1   | Received a gift from Nemelex Xobeh
 16105 | Lair:2   | Gained mutation: You sometimes gain power by taking damage.
                  | [demonic ancestry]
 16105 | Lair:2   | Reached XP level 13. HP: 59/91 MP: 21/21
 16255 | Lair:2   | Received a gift from Nemelex Xobeh
 16263 | Lair:2   | Found a staircase to the Snake Pit.
 16388 | Lair:2   | Noticed Maggie
 16401 | Lair:2   | Maggie changed into Maggie the fire bat
 16401 | Lair:2   | Noticed Maggie
 16405 | Lair:2   | Killed Maggie the fire bat
 16600 | Lair:2   | Noticed Amaemon
 16642 | Lair:2   | Killed Amaemon
 17433 | Lair:3   | Found a staircase to the Shoals.
 17446 | Lair:3   | Reached skill level 5 in Armour
 17446 | Lair:3   | Reached **** piety under Nemelex Xobeh
 17604 | Lair:3   | Received a gift from Nemelex Xobeh
 18797 | Lair:3   | Received a gift from Nemelex Xobeh
 20416 | Lair:4   | Received a gift from Nemelex Xobeh
 20416 | Lair:4   | Found a staircase to the Slime Pits.
 20536 | Lair:4   | Gained mutation: You are powered by pain. [demonic
                  | ancestry]
 20536 | Lair:4   | Reached XP level 14. HP: 98/98 MP: 25/25
 20787 | Lair:5   | Entered Level 5 of the Lair of Beasts
 20827 | Lair:5   | Reached ***** piety under Nemelex Xobeh
 21016 | Lair:5   | Reached skill level 15 in Invocations
 21271 | Lair:5   | Received a gift from Nemelex Xobeh
 21542 | Lair:5   | Reached skill level 5 in Shields
 21777 | Lair:5   | Received a gift from Nemelex Xobeh
 22369 | D:13     | Received a gift from Nemelex Xobeh
 22378 | D:13     | Noticed Kirke
 22954 | D:13     | Found a portal to a secret trove of treasure.
 23121 | D:13     | Killed Kirke
 23596 | Orc:1    | Entered Level 1 of the Orcish Mines
 23596 | Orc:1    | Found Xyvvun's Assorted Antiques.
 23720 | Orc:1    | Found Beup's Armour Emporium.
 23793 | Orc:1    | Bought a +1 pair of boots for 161 gold pieces
 23811 | Orc:1    | Bought a +3 scale mail of poison resistance for 322 gold
                  | pieces
 23953 | Orc:1    | Found Nejaskan's Antique Weapon Shoppe.
 23982 | Orc:1    | Found Tyothit's Armour Shoppe.
 23998 | Orc:1    | Received a gift from Nemelex Xobeh
 24217 | Orc:2    | Entered Level 2 of the Orcish Mines
 24217 | Orc:2    | Found a staircase to the Elven Halls.
 24224 | Orc:2    | Noticed Azrael
 25029 | Orc:2    | Killed Azrael
 25415 | Orc:2    | Received a gift from Nemelex Xobeh
 25468 | Orc:2    | Noticed an orc warlord
 25473 | Orc:2    | an orc warlord changed into a catoblepas
 25819 | Orc:2    | Reached XP level 15. HP: 84/103 MP: 25/27
 26107 | Orc:2    | Found Etasor's Antique Weapon Boutique.
 26111 | Orc:2    | Found Gycwo's Antique Armour Shop.
 26278 | Orc:2    | Found Lirghyun's Magic Scroll Shop.
 26283 | Orc:2    | Bought a scroll of fear for 48 gold pieces
 26283 | Orc:2    | Bought a scroll of fear for 48 gold pieces
 26296 | Orc:2    | Found Duerid's Antique Armour Shoppe.
 26304 | Orc:2    | Bought a heavily runed scale mail for 171 gold pieces
 26304 | Orc:2    | Identified the +4 scale mail of the Fletcher {Will+ rCorr}
                  | (You bought it in a shop on level 2 of the Orcish Mines)
 26379 | Orc:2    | Bought an ichor-stained long sword for 229 gold pieces
 26379 | Orc:2    | Identified the +4 long sword of Unreason {flame, rElec}
                  | (You bought it in a shop on level 2 of the Orcish Mines)
 26379 | Orc:2    | Bought a glimmering long sword for 229 gold pieces
 26379 | Orc:2    | Identified the +7 long sword of Chaos {spect, rElec rPois
                  | rF+ Int-4 Dex+8} (You bought it in a shop on level 2 of the
                  | Orcish Mines)
 26528 | Snake:1  | Entered Level 1 of the Snake Pit
 26638 | Snake:1  | Received a gift from Nemelex Xobeh
 27049 | Snake:1  | Reached skill level 10 in Armour
 27948 | Snake:1  | Reached ****** piety under Nemelex Xobeh
 27948 | Snake:1  | Received a gift from Nemelex Xobeh
 28446 | Snake:2  | Noticed Aizul
 28857 | Snake:2  | Received a gift from Nemelex Xobeh
 29005 | Snake:2  | Identified the +5 demon trident "Xoemubul" {flame, rPois
                  | Int+2}
 29013 | Snake:2  | Killed Aizul
 29192 | Snake:3  | Received a gift from Nemelex Xobeh
 30022 | Snake:3  | Reached skill level 10 in Translocations
 30612 | Snake:3  | Received a gift from Nemelex Xobeh
 31301 | Snake:3  | Received a gift from Nemelex Xobeh
 31549 | Snake:4  | Entered Level 4 of the Snake Pit
 31816 | Snake:4  | Gained mutation: Your demonic aura causes all spilled blood
                  | to erupt in flames. [demonic ancestry]
 31816 | Snake:4  | Reached XP level 16. HP: 105/109 MP: 8/29
 33900 | Snake:4  | Received a gift from Nemelex Xobeh
 33966 | Snake:4  | Got a serpentine rune of Zot
 34337 | Shoals:1 | Entered Level 1 of the Shoals
 35357 | Shoals:1 | Found a shimmering blue altar of Sif Muna.
 35501 | Shoals:1 | You fall into a shaft and drop 1 floor!
 37211 | Shoals:2 | Reached skill level 10 in Shields
 37291 | Shoals:2 | Gained mutation: You are robust. (+10% HP) [demonic
                  | ancestry]
 37291 | Shoals:2 | Reached XP level 17. HP: 92/126 MP: 3/31
 38016 | Shoals:2 | Received a gift from Nemelex Xobeh
 39735 | Shoals:3 | Received a gift from Nemelex Xobeh
 40162 | Shoals:3 | Found Ked Vuhi's Island Escapes.
 40538 | Shoals:3 | Noticed a kraken
 40932 | Shoals:3 | Killed a kraken
 41595 | Shoals:4 | Entered Level 4 of the Shoals
 41595 | Shoals:4 | Received a gift from Nemelex Xobeh
 42341 | Shoals:4 | Reached skill level 10 in Dodging
 42579 | Shoals:4 | Paralysed by an air elemental for 1 turns
 43217 | Shoals:4 | Paralysed by an air elemental for 1 turns
 43219 | Shoals:4 | Found a blossoming altar of Fedhas.
 43391 | Shoals:4 | Paralysed by an air elemental for 1 turns
 43395 | Shoals:4 | Paralysed by an air elemental for 1 turns
 43821 | Shoals:4 | Received a gift from Nemelex Xobeh
 44347 | Shoals:4 | Noticed a titan
 44365 | Shoals:4 | Killed a titan
 44704 | Shoals:4 | Got the Thoughts on the Sky and Algor
 44710 | Shoals:4 | Learned a level 3 spell: Swiftness
 44711 | Shoals:4 | Got Wirhiukk's Compendium of Breccia
 44719 | Shoals:4 | Got a barnacled rune of Zot
 44915 | Shoals:4 | Learned a level 6 spell: Death Channel
 45462 | Shoals:2 | Reached skill level 1 in Necromancy
 45629 | Elf:1    | Entered Level 1 of the Elven Halls
 45881 | Elf:1    | Received a gift from Nemelex Xobeh
 46382 | Elf:1    | Gained mutation: You have a pair of horns on your head.
                  | [demonic ancestry]
 46382 | Elf:1    | Reached XP level 18. HP: 133/133 MP: 32/32
 46868 | Elf:1    | Reached skill level 5 in Spellcasting
 47914 | Elf:2    | Received a gift from Nemelex Xobeh
 48407 | Elf:2    | Found a huge runed translucent gate.
 48409 | Elf:2    | Found a huge runed translucent gate.
 48414 | Elf:2    | Found a huge runed translucent gate.
 48415 | Elf:2    | Found a huge runed translucent gate.
 48415 | Elf:2    | Found a huge runed translucent gate.
 48581 | Elf:2    | Reached skill level 5 in Necromancy
 48666 | Elf:1    | Found a shimmering altar of Xom.
 48667 | Elf:1    | Noticed Nikola
 48670 | Elf:1    | Killed Nikola
 48992 | Elf:3    | Entered Level 3 of the Elven Halls
 49310 | Elf:3    | Found Ylaiss's Jewellery Shoppe.
 49336 | Elf:3    | Received a gift from Nemelex Xobeh
 49358 | Elf:3    | Found Wueropna's Jewellery Boutique.
 49579 | Elf:3    | Found Eketius's Antique Weapon Emporium.
 49602 | Elf:3    | Received a gift from Nemelex Xobeh
 49750 | Elf:3    | Found Yhyic's Antique Weapon Shoppe.
 49869 | Elf:3    | Found Uburreab's Antique Armour Emporium.
 50151 | Elf:3    | Reached skill level 1 in Evocations
 50947 | Elf:3    | Identified the +10 triple sword of Tic Ifu {speed, Dex+3}
 50947 | Elf:3    | Identified the ring "Vadghi" {*Corrode AC+4 Int+3}
 51616 | Elf:3    | Identified the ring of Ychir {*Corrode rC+ EV+5 Slay+4}
 51840 | Elf:3    | Identified the +1 short sword "Ygimmegi" {venom, +Blink
                  | Str+6}
 51852 | Elf:3    | Identified the +6 short sword "Bufrifeh" {venom, rN+ Int+6}
 51852 | Elf:3    | Identified the ring of Raff {Will+ Stlth+}
 52461 | Abyss:2  | Cast into level 2 of the Abyss (a deep elf demonologist)
 52580 | Abyss:3  | Found a corrupted altar of Lugonu.
 52752 | Abyss:3  | Received a gift from Nemelex Xobeh
 52936 | Abyss:3  | Noticed a lich
 52960 | Abyss:3  | Killed a lich
 52963 | Abyss:3  | Reached XP level 19. HP: 87/138 MP: 3/33
 52975 | Abyss:3  | Found a corrupted altar of Lugonu.
 53017 | Abyss:3  | Reached skill level 5 in Evocations
 53028 | Elf:3    | Escaped the Abyss
 53385 | Elf:3    | Identified the -2 tower shield of the Sun {Harm rCorr}
 53741 | Elf:3    | Found the +8 storm bow {elec, penet}
 53882 | Elf:3    | Identified the +10 arbalest of Attainder {antimagic,
                  | *Corrode rPois Will++}
 54604 | D:14     | Received a gift from Nemelex Xobeh
 55308 | D:14     | Found a gate to the Vaults.
 55378 | D:15     | Entered Level 15 of the Dungeon
 55378 | D:15     | Noticed Agnes
 55378 | D:15     | Found a bloodstained altar of Trog.
 55386 | D:15     | Killed Agnes
 55603 | D:15     | Found a runed translucent door.
 55610 | D:15     | Noticed Zoram's ghost (journeyman SpAE)
 55614 | D:15     | Found a runed translucent door.
 55821 | D:15     | Received a gift from Nemelex Xobeh
 56365 | D:15     | Received a gift from Nemelex Xobeh
 56551 | D:15     | Found a staircase to the Depths.
 57032 | D:15     | Reached skill level 10 in Necromancy
 57473 | Vaults:1 | Entered Level 1 of the Vaults
 57760 | Vaults:1 | Found a runed translucent gate.
 57760 | Vaults:1 | Found a runed translucent gate.
 57760 | Vaults:1 | Found an ancient bone altar of Kikubaaqudgha.
 57760 | Vaults:1 | Noticed a dread lich
 57761 | Vaults:1 | Found a runed translucent gate.
 57761 | Vaults:1 | Noticed an ancient lich
 57761 | Vaults:1 | Noticed browni3141's ghost (adept KoAr)
 57830 | Vaults:1 | Found Hunole's General Store.
 57862 | Vaults:1 | Received a gift from Nemelex Xobeh
 59126 | Vaults:1 | You fall into a shaft and drop 1 floor!
 59324 | Vaults:2 | Paralysed by a great orb of eyes for 3 turns
 59329 | Vaults:2 | Reached skill level 15 in Long Blades
 59337 | Vaults:2 | Received a gift from Nemelex Xobeh
 59985 | Vaults:1 | Killed a dread lich
 59991 | Vaults:1 | Killed an ancient lich
 59993 | Vaults:1 | Killed browni3141's ghost
 60006 | Vaults:1 | Identified the +0 pair of gloves of Valour {rF+}
 60009 | Vaults:1 | Identified the ring of the Teaching Gods {rElec rCorr MP+9
                  | Str+4 Int+3}
 60482 | Vaults:2 | Received a gift from Nemelex Xobeh
 60865 | Vaults:2 | Gained mutation: You have a pair of large horns on your
                  | head. [demonic ancestry]
 60865 | Vaults:2 | Reached XP level 20. HP: 146/146 MP: 25/34
 61072 | Vaults:2 | Noticed Bai Suzhen
 61092 | Vaults:2 | Killed Bai Suzhen
 61888 | Vaults:2 | Received a gift from Nemelex Xobeh
 62298 | Vaults:2 | Identified the +8 shortbow of Valour {drain, rC+}
 62529 | Vaults:2 | Identified the +2 flail of Exhibitionism {heavy, rPois
                  | rCorr Str+6 Dex-4}
 63451 | Vaults:3 | Reached skill level 15 in Necromancy
 63580 | Vaults:3 | Found a crumbling gateway.
 63587 | Vaults:3 | Received a gift from Nemelex Xobeh
 63701 | Desolati | Entered the Desolation of Salt
 64874 | Desolati | Identified the +1 robe of the Catamount {MP-9 Str+5 Int+3}
 65099 | Desolati | Received a gift from Nemelex Xobeh
 65285 | Desolati | Identified the +2 gold dragon scales "Plog" {rPois rF+ rC+
                  | Str+4 Int-5 Stlth+}
 65380 | Desolati | Reached skill level 5 in Stealth
 65619 | Desolati | Got Ebaps's Spellbook of the Invisible Artisans
 65621 | Desolati | Identified the ring "Oteofuk" {rElec rF++ rC- Dex+6 SInv}
 65831 | Desolati | Received a gift from Nemelex Xobeh
 65960 | Desolati | Identified the +3 executioner's axe "Warche" {speed, rC+
                  | Str-4 Dex+2}
 66222 | Desolati | Identified the ring "Fomnew" {rElec rPois Will+ rCorr EV+5}
 66225 | Desolati | Identified the +8 hand axe "Jotsuacw" {heavy, *Corrode
                  | rElec MP+9 Str+3}
 66380 | Vaults:3 | Learned a level 4 spell: Animate Dead
 66386 | Vaults:3 | Learned a level 5 spell: Borgnjor's Vile Clutch
 66593 | Vaults:3 | Found the ring of the Octopus King
 66596 | Vaults:3 | Identified a ring of the Octopus King {HP+2 MP+9 AC+2 EV+2
                  | SH+2}
 66732 | Vaults:3 | Reached skill level 1 in Earth Magic
 67221 | Vaults:3 | Reached XP level 21. HP: 151/151 MP: 26/35
 68455 | Vaults:3 | Found a staircase to the Crypt.
 68771 | Vaults:4 | Received a gift from Nemelex Xobeh
 68793 | Vaults:4 | Noticed Mara
 69254 | Vaults:4 | Reached skill level 5 in Earth Magic
 70258 | Vaults:4 | Received a gift from Nemelex Xobeh
 70807 | Vaults:4 | Noticed an ancient lich
 70821 | Vaults:4 | Killed an ancient lich
 72023 | Depths:1 | Entered Level 1 of the Depths
 72979 | Elf:3    | Bought an amulet of magic regeneration for 630 gold pieces
 73491 | Depths:1 | Found a gateway to Hell.
 73713 | Depths:1 | Found a one-way gate to the infinite horrors of the Abyss.
 74247 | Depths:1 | Gained mutation: You are very robust. (+20% HP) [demonic
                  | ancestry]
 74247 | Depths:1 | Reached XP level 22. HP: 151/172 MP: 4/36
 74479 | Depths:1 | Received a gift from Nemelex Xobeh
 75810 | Depths:2 | Received a gift from Nemelex Xobeh
 75826 | Depths:2 | Found a one-way gate leading to the halls of Pandemonium.
 76415 | Depths:2 | Found the ring of the Octopus King {rC+ HP+2 AC+2 EV+2
                  | SH+2}
 77663 | Depths:3 | Received a gift from Nemelex Xobeh
 78062 | Depths:3 | You fall into a shaft and drop 1 floor!
 78062 | Depths:4 | Entered Level 4 of the Depths
 78166 | Depths:3 | Noticed a golden dragon
 78170 | Depths:3 | Killed a golden dragon
 78356 | Depths:3 | Received a gift from Nemelex Xobeh
 78809 | Depths:3 | Identified the ring of Nyedd {Int+2 SInv}
 79259 | Depths:3 | Reached XP level 23. HP: 191/193 MP: 17/37
 79306 | Depths:3 | Noticed a juggernaut
 79312 | Depths:3 | a juggernaut changed into a golden dragon
 79339 | Depths:3 | Identified the ring of Vuclethi {EV+5 Dex+3}
 79339 | Depths:3 | Noticed a juggernaut
 79942 | Depths:3 | Reached skill level 10 in Fighting
 79951 | Depths:3 | Learned a level 3 spell: Ozocubu's Armour
 80169 | Depths:3 | Reached skill level 1 in Ice Magic
 80766 | Depths:3 | Identified the amulet of the Dull God {Reflect rF++ SH+5}
 80919 | Depths:3 | Noticed an ancient lich
 80938 | Depths:3 | Killed an ancient lich
 81031 | Depths:3 | Got the Parchment of Silt and Bewitchment
 81186 | Depths:3 | Killed a juggernaut
 81583 | Slime:1  | Entered Level 1 of the Pits of Slime
 82043 | Slime:3  | Received a gift from Nemelex Xobeh
 83194 | Slime:4  | Received a gift from Nemelex Xobeh
 83513 | Slime:5  | Entered Level 5 of the Pits of Slime
 83918 | Slime:5  | Found a viscous altar of Jiyva.
 83919 | Slime:5  | Noticed the Royal Jelly
 83995 | Slime:5  | Killed the Royal Jelly
 84237 | Slime:5  | Got a slimy rune of Zot
 84254 | Slime:5  | Identified the +8 ice dragon scales of the Okapi {rF- rC++
                  | Dex+3}
 84277 | Slime:5  | Got the Quarto of Combustion and Transportation
 84284 | Slime:5  | Identified the +8 war axe "Buus" {heavy, Int+2}
 85489 | Depths:3 | Gained mutation: You are extremely robust. (+30% HP)
                  | [demonic ancestry]
 85489 | Depths:3 | Reached XP level 24. HP: 133/239 MP: 26/38
 86353 | Depths:4 | Received a gift from Nemelex Xobeh
 86507 | Depths:4 | Found a one-way gateway to a ziggurat.
 86741 | Depths:4 | Received a gift from Nemelex Xobeh
 86841 | Depths:4 | Found a gate to the Realm of Zot.
 86930 | Depths:4 | Noticed a dread lich
 86936 | Depths:4 | Killed a dread lich
 86937 | Depths:4 | Reached skill level 15 in Fighting
 86951 | Depths:4 | Learned a level 4 spell: Animate Armour
 87882 | Depths:4 | Learned a level 8 spell: Borgnjor's Revivification
 87918 | Zot:1    | Entered Level 1 of the Realm of Zot
 87954 | Zot:1    | Reached skill level 1 in Summonings
 89273 | Zot:1    | Received a gift from Nemelex Xobeh
 90071 | Zot:2    | Reached skill level 10 in Spellcasting
 90178 | Zot:2    | Received a gift from Nemelex Xobeh
 90390 | Zot:2    | Identified the +10 flail of the Countless Friends {venom,
                  | MP+9 Dex+3}
 90533 | Zot:2    | Reached skill level 5 in Summonings
 91222 | Zot:2    | Learned a level 5 spell: Borgnjor's Vile Clutch
 91798 | Zot:3    | Received a gift from Nemelex Xobeh
 91839 | Zot:3    | Reached XP level 25. HP: 261/261 MP: 22/38
 92631 | Zot:4    | Received a gift from Nemelex Xobeh
 93170 | Zot:5    | Entered Level 5 of the Realm of Zot
 93190 | Zot:5    | Identified the +0 long sword of Watchfulness {flame,
                  | *Corrode rC+ Str+4}
 93566 | Zot:5    | Identified the +1 leather armour of the Solemn God {Fly
                  | Regen+}
 93591 | Zot:5    | Received a gift from Nemelex Xobeh
 93747 | Zot:5    | Noticed an orb of fire
 93760 | Zot:5    | Killed an orb of fire
 95336 | Zot:5    | Noticed a Killer Klown
 95346 | Zot:5    | Killed a Killer Klown
 95423 | Zot:5    | Noticed an orb of fire
 95423 | Zot:5    | Noticed an orb of fire
 95441 | Zot:5    | Killed an orb of fire
 95442 | Zot:5    | Noticed a Killer Klown
 95450 | Zot:5    | Killed a Killer Klown
 95451 | Zot:5    | Gained mutation: You occasionally shout uncontrollably at
                  | your foes. [an orb of fire]
 95465 | Zot:5    | Killed an orb of fire
 95830 | Zot:5    | Noticed a Killer Klown
 95844 | Zot:5    | Killed a Killer Klown
 95915 | Zot:5    | Noticed an orb of fire
 95915 | Zot:5    | Gained mutation: You sometimes lose your temper in combat.
                  | [an orb of fire]
 95933 | Zot:5    | Gained mutation: Your body sometimes deteriorates upon
                  | taking damage. [an orb of fire]
 95936 | Zot:5    | Killed an orb of fire
 95943 | Zot:5    | Lost mutation: You occasionally shout uncontrollably at
                  | your foes. [potion of mutation]
 95943 | Zot:5    | Lost mutation: Your body sometimes deteriorates upon taking
                  | damage. [potion of mutation]
 95943 | Zot:5    | Gained mutation: You expend magic power (3 MP) to
                  | strengthen your wands. [potion of mutation]
 95943 | Zot:5    | Gained mutation: You occasionally lose the ability to drink
                  | potions when taking damage. [potion of mutation]
 95943 | Zot:5    | Gained mutation: You have supernaturally acute eyesight.
                  | (SInv) [potion of mutation]
 95943 | Zot:5    | Gained mutation: You have a somewhat thin skeletal
                  | structure. (Dex +2, Stealth+) [potion of mutation]
 95985 | Zot:5    | Lost mutation: You occasionally lose the ability to drink
                  | potions when taking damage. [potion of mutation]
 95985 | Zot:5    | Lost mutation: You expend magic power (3 MP) to strengthen
                  | your wands. [potion of mutation]
 95985 | Zot:5    | Gained mutation: You have sharp fingernails. [potion of
                  | mutation]
 96070 | Zot:5    | Noticed a dread lich
 96083 | Zot:5    | Killed a dread lich
 96153 | Zot:5    | Noticed a Killer Klown
 96159 | Zot:5    | Killed a Killer Klown
 96186 | Zot:5    | Noticed an ancient lich
 96198 | Zot:5    | Killed an ancient lich
 96359 | Zot:5    | Noticed a dread lich
 96363 | Zot:5    | Killed a dread lich
 96484 | Zot:5    | Reached XP level 26. HP: 283/283 MP: 3/38
 96686 | Zot:5    | Noticed an orb of fire
 96701 | Zot:5    | Killed an orb of fire
 96833 | Zot:5    | Received a gift from Nemelex Xobeh
 96856 | Zot:5    | Reached skill level 15 in Dodging
 96871 | Zot:5    | Noticed an orb of fire
 96877 | Zot:5    | Gained mutation: Armour fits poorly on your strangely
                  | shaped body. [an orb of fire]
 96889 | Zot:5    | Killed an orb of fire
 97119 | Zot:5    | Got the Orb of Zot
 97479 | D:10     | Noticed Jaim the pandemonium lord
 97836 | D:$      | Escaped with the Orb!

Illustrated notes

Levels and vault maps discovered:
D:1:      scummos_arrival_simple_crosswalls, layout_loops_ring, serial_shops,
          nicolae_shop_hallway_plus
D:2:      layout_loops_ring, basic_altar, minmay_misc_feat_square,
          uniq_crazy_yiuf_cottage
D:3:      layout_basic
D:4:      layout_loops_ring, mainiacjoe_overflow_divided_tiny, uniq_eustachio,
          uniq_grinder, uniq_sigmund
D:5:      layout_rooms, minmay_misc_feat_alley, minmay_misc_feat_five,
          chequers_serial_rivers_micro_e
D:6:      layout_basic, grunt_qazlal_sundering, mainiacjoe_overflow_alcove_2,
          amcnicky_altar_gilded, uniq_blork_the_orc
D:7:      layout_rooms, minmay_temple_entry_glassed_door, gammafunk_ghost_icy
D:8:      layout_cave_pools, chequers_temple_overflow_minitemple,
          nicolae_ossuary_entry_ruins, kennysheep_diamond
D:9:      layout_long_grid, minmay_orc_entry_temple_small, serial_shops, shop,
          uniq_prince_ribbit1
D:10:     layout_loops_ring, old_standard_altar, lair_entry_dummy,
          gammafunk_ghost_hydra_chop
D:11:     layout_rooms
D:12:     layout_loops_ring, portal_ice_cave_entry_pillars_2, uniq_nessos,
          uniq_sonja
D:13:     layout_cave_pools, enter_trove_6, uniq_kirke
D:14:     layout_layer_cave, ximxim_vaults_locker_room
D:15:     grunt_enter_depths_snipers, layout_basic, chequers_garden,
          muffindrake_ghost_dual_entry, trog_ov_bears_minmay, uniq_agnes
Temple:   nicolae_temple_slightly_damp_pantheon
Lair:1:   layout_misc_corridors, lemuel_fruit_fields
Lair:2:   layout_gridlike, minmay_snake_entry_guardpost_small,
          grunt_megastairs_5, serial_bayou_shore_b, infiniplex_staircase_pool_2,
          uniq_amaemon, uniq_maggie
Lair:3:   layout_small_grid, minmay_shoals_entry_beasts,
          nicolae_lair_grazing_beasts [nicolae_sub_lair_graze_edge,
          nicolae_sub_lair_graze_edge, nicolae_sub_lair_graze_edge,
          nicolae_sub_lair_graze_edge], grunt_megastairs_4
Lair:4:   layout_cellular_growth, dpeg_slime_entry_enclosed
Lair:5:   hellmonk_lair_end_abyssal_woods, layout_cave_pods
Shoals:1: layout_shoals, lemuel_altar_in_water
Shoals:2: layout_shoals, nicolae_shoals_songs
Shoals:3: layout_shoals, nicolae_island_escapes
Shoals:4: shoals_end_hellmonk_storm_palace [storm_palace_center_ruins,
          storm_palace_corner_altar, storm_palace_corner_narrow,
          storm_palace_corner_blocked, storm_palace_corner_grid], serial_shops
Snake:1:  layout_honeycomb, serial_bayou_shore_a
Snake:2:  layout_cave_shapes, uniq_aizul
Snake:3:  layout_cave_town, nicolae_snake_slithery_corners,
          serial_bayou_lagoon_b, grunt_megastairs_3
Snake:4:  grunt_snake_rune_pools, layout_cave_town
Slime:1:  layout_caves, nicolae_slime_ancient_tower_intersection
Slime:2:  layout_caves, nicolae_slime_welcoming_committee
Slime:3:  layout_caves
Slime:4:  nicolae_slime_pool, layout_caves, nicolae_slime_crime_time
Slime:5
Orc:1:    layout_diamond_mine, serial_shops, shop, shop,
          nicolae_shop_waterfront, shop
Orc:2:    grunt_orc_community_town_hall, layout_caves,
          grunt_orc_community_big_house_1, grunt_orc_community_big_house_2,
          grunt_orc_community_house_3, grunt_orc_community_house_2,
          grunt_orc_community_house_3, grunt_orc_community_house_1,
          special_room, uniq_azrael
Elf:1:    elf_arrival_001, layout_geoelf_diagonals, hangedman_elf_disciples,
          hangedman_elven_crosses_minicolossus, lemuel_upstairs_altar,
          uniq_nikola
Elf:2:    elven_hall_of_blades_hangedman_alternative
          [nicolae_vaults_blade_armed_guards], layout_onion_city
Elf:3:    minmay_elf_hall_x, layout_loops_cross, serial_shops, shop,
          shop_statue, shop, shop, nicolae_square_shop
Vaults:1: gammafunk_ghost_crypt, v_misc_17, nicolae_vaults_specimen_jars,
          nicolae_vaults_circle_grid_a, vaults_room_corners, v_misc_17,
          v_rooms_2, ontoclasm_vaults_hangar, ontoclasm_vaults_spin,
          layout_vaults_big_room, serial_shops, shop_coins
Vaults:2: v_misc_27, ontoclasm_vaults_misaligned, st_greater_box_4,
          vaults_room_ringed_pool, grunt_vaults_diagonal, v_pattern_1,
          v_misc_24, vaults_room_grid, v_misc_19, vaults_room_door_ring,
          hangedman_vaults_maws, vaults_room_grid, nicolae_vaults_angled_halls,
          ontoclasm_vaults_chip, layout_vaults_big_cross, uniq_bai_suzhen
Vaults:3: portal_desolation_entry_salt, vaults_room_semicircle,
          ontoclasm_vaults_decontamination, blue_anna_dwarven_crypt,
          vaults_room_semicircle, nicolae_vaults_little_squares_5, v_misc_11,
          ontoclasm_vaults_ring_square, hangedman_vaults_stretched_pinwheel,
          nicolae_vaults_little_squares_2, v_alt_pattern_1, st_lattice,
          v_misc_31, nicolae_vaults_rhombus_6, vaults_room_stairs_pillars,
          nicolae_vaults_border_crossing, layout_vaults_ring
Vaults:4: nicolae_vaults_sealed_display, st_smaller_cells,
          nicolae_vaults_network_quinsquares
          [nicolae_vaults_network_quincunx_subvault,
          nicolae_vaults_network_quincunx_subvault,
          nicolae_vaults_network_quincunx_subvault,
          nicolae_vaults_network_quincunx_subvault], vaults_dpeg_hooks,
          v_misc_9, layout_vaults_omnigrid, uniq_mara
Depths:1: layout_basic, serial_bayou, serial_bayou_pond_b, serial_bayou_shore_b,
          serial_bayou_ford_a, serial_bayou_pond_c, serial_bayou_crossing,
          serial_bayou_pond_c, minmay_room_of_horrors, hell_entry,
          hangedman_decor_clover_reticule, grunt_ministairs_14,
          grunt_decor_mini_mirrors, minmay_three_doors, serial_bayou_shore_b
Depths:2: minmay_the_grid_3x3 [minmay_the_grid_outer_circle,
          minmay_the_grid_armoury, minmay_the_grid_minigrid_small,
          minmay_the_grid_mess, minmay_the_grid_holed_spiral,
          minmay_the_grid_doors, minmay_the_grid_minigrid_large,
          minmay_the_grid_empty, minmay_the_grid_prize_diamond_cup],
          layout_cave_pools, lightli_too_deep, hangedman_glass_teeth,
          rand_demon_pan_entry_5, kennysheep_path_1
Depths:3: grunt_twisty_corner, layout_basic, pf_vacation_house_of_asmodeus,
          abyss_entry, glass_columns_a, kennysheep_generic_room_6,
          infiniplex_staircase_pool_lava
Depths:4: grunt_crosshair, layout_cave_pools, enter_ziggurat_e,
          abyss_entry_crystal, hellmouth_1, nicolae_elyvilon_temple_path,
          minmay_librarian
Zot:1:    layout_concentric_octagons
Zot:2:    layout_twisted_circle
Zot:3:    layout_misc_corridors
Zot:4:    layout_gridville
Zot:5:    layout_basic

Skill      XL: |  1  2  3  4  5  6  7  8  9 10 11 12 13 14 15 16 17 18 19 20 21 22 23 24 25 26 |
---------------+-------------------------------------------------------------------------------+-----
Long Blades    | 2 3 5 6 7 9 11 12 14 15 17 19 22 | 22.0
Stealth        | 1 2 3 4 6 |  6.0
Translocations | 3 4 6 8 10 11 | 11.0
Shields        | 2 3 6 10 13 14 | 14.0
Invocations    | 2 5 8 9 11 14 16 19 20 22 | 22.0
Dodging        | 4 6 7 9 10 11 14 15 | 15.7
Fighting       | 4 5 8 13 17 20 | 20.0
Air Magic      | 2 3 4 |  4.0
Armour         | 3 7 9 11 | 11.0
Spellcasting   | 3 4 8 11 | 11.0
Necromancy     | 2 8 11 16 18 | 18.0
Evocations     | 4 9 |  9.0
Earth Magic    | 2 5 |  5.0
Ice Magic      | 3 |  3.0
Summonings     | 5 |  5.0
Throwing       | |  0.8

Action                     |  1- 3 |  4- 6 |  7- 9 | 10-12 | 13-15 | 16-18 | 19-21 | 22-24 | 25-27 || total
---------------------------+-------+-------+-------+-------+-------+-------+-------+-------+-------++-------
  Melee: Falchion          |   177 |   118 |   254 |   600 |   772 |       |       |       |       ||  1921
         Punch             |     4 |     3 |     1 |       |       |       |       |       |       ||     8
         Headbutt          |    15 |    26 |    49 |   149 |   246 |   151 |   180 |   140 |    68 ||  1024
         Dagger            |       |     4 |    15 |       |       |       |       |       |       ||    19
         Scimitar          |       |       |       |       |   165 |       |       |       |       ||   165
         Long sword        |       |       |       |       |   276 |  1397 |  1415 |       |       ||  3088
         Triple sword      |       |       |       |       |       |       |   157 |  1892 |   566 ||  2615
   Fire: Sling             |       |    25 |       |       |       |       |       |       |       ||    25
  Throw: Boomerang         |       |    16 |    13 |     4 |       |       |       |       |       ||    33
         Dart              |       |     1 |     5 |    43 |    71 |       |       |       |       ||   120
   Cast: Blink             |       |     2 |       |       |       |     1 |       |     1 |       ||     4
         Manifold Assault  |       |       |       |       |   136 |   695 |   634 |   943 |   261 ||  2669
         Death Channel     |       |       |       |       |       |       |    16 |    24 |    10 ||    50
         Ozocubu's Armour  |       |       |       |       |       |       |       |     2 |       ||     2
         Animate Armour    |       |       |       |       |       |       |       |     1 |       ||     1
         Borgnjor's Vile C |       |       |       |       |       |       |       |       |     5 ||     5
         Vhi's Electric Ch |       |       |       |       |       |       |       |       |     3 ||     3
 Invoke: Draw Destruction  |       |       |       |     9 |    37 |    24 |    20 |    18 |     2 ||   110
         Draw Summoning    |       |       |       |     5 |    10 |     6 |    12 |       |     3 ||    36
         Stack Five        |       |       |       |       |       |     1 |       |       |     1 ||     2
         Draw Stack        |       |       |       |       |       |       |     3 |       |     2 ||     5
         Deal Four         |       |       |       |       |       |       |       |     1 |     2 ||     3
  Evoke: Wand              |       |       |     3 |     2 |       |    16 |       |       |       ||    21
         Piece from Xom's  |       |       |       |     1 |       |       |       |       |       ||     1
         Tin of tremorston |       |       |       |       |       |       |     3 |     1 |       ||     4
         Condenser vane    |       |       |       |       |       |       |     1 |     3 |     1 ||     5
         Box of beasts     |       |       |       |       |       |       |       |     1 |     2 ||     3
         Phantom mirror    |       |       |       |       |       |       |       |       |     2 ||     2
    Use: Scroll            |       |     4 |    12 |     6 |     5 |     6 |     6 |     4 |     6 ||    49
         Potion            |       |     2 |       |     2 |     1 |       |     3 |     7 |     7 ||    22
   Stab: Sleeping          |     2 |     2 |     1 |       |     2 |     2 |     4 |     2 |       ||    15
         Distracted        |       |       |       |     1 |     7 |    13 |    20 |     7 |     4 ||    52
         Betrayed ally     |       |       |       |       |       |     2 |       |       |       ||     2
         Petrified         |       |       |       |       |       |       |     2 |       |       ||     2
 Armour: Leather armour    |    60 |       |       |       |       |       |       |       |       ||    60
         Ring mail         |     1 |    46 |    42 |    11 |       |       |       |       |       ||   100
         Acid dragon scale |       |       |       |    23 |       |       |       |       |       ||    23
         Robe              |       |       |       |    19 |     4 |       |       |       |       ||    23
         Plate armour      |       |       |       |    40 |   210 |       |       |       |       ||   250
         Skin              |       |       |       |       |     3 |       |       |       |       ||     3
         Scale mail        |       |       |       |       |    50 |    85 |    76 |    15 |       ||   226
         Ice dragon scales |       |       |       |       |       |       |       |    28 |       ||    28
         Quicksilver drago |       |       |       |       |       |       |       |    80 |    32 ||   112
  Dodge: Dodged            |   104 |    64 |   138 |   287 |   343 |   223 |   242 |   423 |   175 ||  1999
  Block: Other             |       |       |    10 |       |       |       |       |       |       ||    10
         Buckler           |       |       |   109 |   235 |   515 |       |       |       |       ||   859
         Reflection        |       |       |     2 |     4 |    14 |    59 |    36 |       |       ||   115
         Kite shield       |       |       |       |       |    27 |   452 |   447 |       |       ||   926

Table legend: (Time is in decaauts)
 A = Elapsed time spent in this place.
 B = Non-inter-level travel time spent in this place.
 C = Inter-level travel time spent in this place.
 D = Time resting spent in this place.
 E = Time spent auto-exploring this place.
 F = Levels seen in this place.
 G = Mean time per level.
                   A        B        C        D        E       F      G
               +--------+--------+--------+--------+--------+-----+--------+
         Total |  96284 |  87630 |   8654 |  28417 |  44174 |  57 | 1689.2 |
       Dungeon |  19508 |  15867 |   3641 |   2411 |  10323 |  15 | 1300.5 |
        Temple |    209 |    169 |     40 |      0 |    153 |   1 |  209.0 |
          Lair |   7099 |   6348 |    751 |   1567 |   3606 |   5 | 1419.8 |
        Shoals |  11600 |  11149 |    451 |   5145 |   4549 |   4 | 2900.0 |
     Snake Pit |   7830 |   7539 |    291 |   1976 |   4423 |   4 | 1957.5 |
    Slime Pits |   3302 |   3036 |    266 |    859 |   1558 |   5 |  660.4 |
  Orcish Mines |   3233 |   2685 |    548 |    702 |   1102 |   2 | 1616.5 |
   Elven Halls |   7959 |   7365 |    594 |   3589 |   3012 |   3 | 2653.0 |
        Vaults |  11571 |  10891 |    680 |   3047 |   6435 |   4 | 2892.8 |
        Depths |  10023 |   9144 |    879 |   3550 |   3922 |   4 | 2505.8 |
           Zot |   8154 |   7646 |    508 |   2199 |   4062 |   5 | 1630.8 |
         Abyss |    552 |    552 |      0 |    292 |      0 |   2 |  276.0 |
       Ossuary |    146 |    146 |      0 |      0 |     75 |   1 |  146.0 |
      Ice Cave |   2466 |   2466 |      0 |   1560 |    450 |   1 | 2466.0 |
    Desolation |   2626 |   2626 |      0 |   1514 |    501 |   1 | 2626.0 |
               +--------+--------+--------+--------+--------+-----+--------+

Top non-repeatable levels by time:
   Elf:3: 4166 daAuts
Shoals:2: 3929 daAuts
Shoals:4: 3855 daAuts
Depths:3: 3414 daAuts
Vaults:2: 3298 daAuts
   Zot:5: 3023 daAuts
Vaults:4: 2871 daAuts
Depths:2: 2837 daAuts
Vaults:1: 2719 daAuts
Vaults:3: 2681 daAuts
Desolation: 2626 daAuts
    D:15: 2551 daAuts
 Snake:4: 2512 daAuts
Shoals:3: 2476 daAuts
   IceCv: 2466 daAuts
